 Dungeon Crawl Stone Soup version 0.28-a0-728-g0181a31188 (webtiles) character file.

Game seed: 11709160828785255484

755 Ijustatesigmund the Covert (level 7, -4/60 HPs)
             Began as a Gnoll Delver on Oct 28, 2021.
             Was an Initiate of Cheibriados.
             Killed from afar by a white imp (10 damage)
             ... with a puff of frost
             ... on level 6 of the Dungeon.
             The game lasted 00:09:33 (5120 turns).

Ijustatesigmund the Covert (Gnoll Delver)           Turns: 5120, Time: 00:09:35

Health: -4/60      AC: 11    Str: 11    XL:     7   Next: 79%
Magic:  11/11      EV:  6    Int: 12    God:    Cheibriados [......]
Gold:   1323       SH:  0    Dex: 12    Spells: 11/11 levels left

rFire   + . .      SeeInvis .   a - +3 hand axe (freeze)
rCold   . . .      Faith    .   (no shield)
rNeg    . . .      Spirit   .   b - +0 chain mail
rPois   .          Reflect  .   (no helmet)
rElec   .          Harm     .   l - +0 cloak
rCorr   .          Rampage  .   j - +0 pair of gloves
Will    .....                   (no boots)
Stlth   +.........              (no amulet)
HPRegen 0.20/turn               o - ring of protection from fire
MPRegen 0.12/turn               (no ring)

@: flying, very slow
A: fangs 1, strong nose, distributed training, clumsy 1, weak 1, noise
suppression
a: Renounce Religion, Bend Time


You were on level 6 of the Dungeon.
You worshipped Cheibriados.
Cheibriados was noncommittal.
You visited 2 branches of the dungeon, and saw 7 of its levels.

You collected 1323 gold pieces.

Inventory:

Hand Weapons
 a - a +3 hand axe of freezing (weapon)
 h - the +1 morningstar of the Dead {venom, *Rage rElec Str-4 Int+7}
   (You found it on level 5 of the Dungeon)

   It poisons the flesh of those it strikes.
   Str:       It affects your strength (-4).
   Int:       It affects your intelligence (+7).
   rElec:     It insulates you from electricity.
   *Rage:     It berserks you when you make melee attacks (+20% chance).
Armour
 b - a +0 chain mail (worn)
 j - a +0 pair of gloves (worn)
 l - a +0 cloak (worn)
Jewellery
 o - a ring of protection from fire (left hand)
Wands
 e - a wand of polymorph (4)
 g - a wand of digging (3)
Scrolls
 d - 2 scrolls of magic mapping
Potions
 f - a potion of attraction
 i - a potion of resistance
 m - a potion of ambrosia {unknown}
 n - 5 potions of curing
 r - a potion of heal wounds {unknown}


   Skills:
 + Level 7.1 Fighting
 + Level 2.7 Short Blades
 + Level 2.7 Long Blades
 + Level 5.3 Axes
 + Level 2.7 Maces & Flails
 + Level 2.7 Polearms
 + Level 2.7 Staves
 + Level 2.7 Slings
 + Level 2.7 Bows
 + Level 2.7 Crossbows
 + Level 2.7 Throwing
 + Level 2.7 Armour
 + Level 5.3 Dodging
 + Level 10.0 Stealth
 + Level 2.7 Shields
 + Level 2.7 Unarmed Combat
 + Level 2.7 Spellcasting
 + Level 2.2 Conjurations
 + Level 2.2 Hexes
 + Level 2.2 Summonings
 + Level 2.2 Necromancy
 + Level 2.2 Translocations
 + Level 2.2 Transmutations
 + Level 2.2 Fire Magic
 + Level 2.2 Ice Magic
 + Level 2.2 Air Magic
 + Level 2.2 Earth Magic
 + Level 2.2 Poison Magic
 + Level 3.0 Invocations
 + Level 2.7 Evocations


You had 11 spell levels left.
You didn't know any spells.
Your spell library contained the following spells:

 Spells                   Type           Power      Damage    Failure   Level
 Slow                     Hex            6%         N/A       100%        2
 Confusing Touch          Hex            6%         N/A       100%        3
 Vampiric Draining        Necr           3%         2d6       100%        3
 Summon Lightning Spire   Summ/Air       6%         N/A       100%        4
 Malign Gateway           Summ/Tloc      3%         N/A       100%        7
 Summon Hydra             Summ           3%         N/A       100%        7


Dungeon Overview and Level Annotations

Branches:
Dungeon (6/15)             Temple (1/1) D:5

Altars:
Cheibriados
Dithmenos
Elyvilon
Fedhas
Gozag
Hepliaklqana
Kikubaaqudgha
Nemelex Xobeh
Okawaru
Qazlal
Ru
Sif Muna
Uskayaw
Vehumet
Wu Jian
Xom
Yredelemnul
Zin

Annotations:
D:6 Dowan, Duvessa, Eustachio


Innate Abilities, Weirdness & Mutations

You have very sharp teeth.
Your uncanny sense of smell can sniff out nearby items.
Your experience applies equally to all skills.
You are clumsy. (Dex -2)
You are weak. (Str -2)
You passively dampen the noise of your surroundings.


Message History

e - a wand of polymorph (4)
The orc wizard points at you and mumbles some strange words.
The puff of flame hits you. You resist.
An orc priest comes into view. It is wielding a +0 short sword.
The orc priest mumbles some strange prayers to Beogh against you.
Beogh smites you!
* * * LOW HITPOINT WARNING * * *
An orc comes into view. It is wielding a +0 club.
The orc wizard casts a spell at you. You resist with some effort.
The white imp shouts, "Give in, thou gleeking toad-spotted nothing!"
The white imp hits you but does no damage.
It was a potion of curing.
You feel better.
An orc comes into view. It is wielding a +0 dagger.
The orc wizard gestures at you while chanting.
The puff of flame hits you. You resist. The white imp hits you.
The white imp freezes you.
* * * LOW HITPOINT WARNING * * *
As you read the scroll of fog, it crumbles to dust.
The scroll dissolves into smoke.
The orc wizard casts a spell at you. The magic dart hits you.
* * * LOW HITPOINT WARNING * * *
The white imp hits you.
* * * LOW HITPOINT WARNING * * *
The white imp freezes you.
* * * LOW HITPOINT WARNING * * *
It was a potion of mutation.
You feel extremely strange.
You feel weaker.
You feel clumsy.
You feel your surroundings grow quieter.
The white imp gestures at you. The puff of frost hits you.
* * * LOW HITPOINT WARNING * * *
It was a potion of flight.
You feel very buoyant.
You fly up into the air.
The orc wizard hits you but does no damage.
The white imp gestures at you. The puff of frost hits you!
You die...

.................#
#......).......$.#
##................#
##...............#
#........###....#
#........###...$.^
#...o.§§§#..##....
.oo...§§§§§........
###...§o@§l§###....
#>..§5§§§##
#..o§§§§.# ∆
#..........
#.......####
...<......
.#.##.##.# ## ..
#.#


You could see an iguana, an orc wizard, a white imp and an orc (wandering).

Vanquished Creatures
  A sky beast (D:5)
  2 ogres
  A scorpion (D:4)
  3 hounds
  2 jellies
  2 bullfrog skeletons (D:5)
  Jessica (D:2)
  An iguana (D:5)
  A howler monkey zombie (D:5)
  4 adders
  3 gnolls (D:2)
  A white imp (D:5)
  An ufetubus (D:4)
  A worm (D:4)
  3 dart slugs
  10 orcs
  6 bats
  7 endoplasms
  3 giant cockroaches
  8 goblins
  5 hobgoblins
  9 jackals (D:1)
  2 quokkas (D:3)
  4 ball pythons
  3 frilled lizards
  5 kobolds
  4 rats
93 creatures vanquished.

Notes
Turn   | Place    | Note
-------+----------+-------------------------------------------
     0 | D:5      | Reached skill level 9 in Stealth
     0 | D:5      | Ijustatesigmund the Gnoll Delver began the quest for the
                  | Orb.
     0 | D:5      | Reached XP level 1. HP: 23/23 MP: 1/1
     2 | D:5      | Noticed a sky beast
    73 | D:3      | Reached XP level 2. HP: 25/29 MP: 2/2
   271 | D:2      | Reached XP level 3. HP: 32/35 MP: 3/3
   298 | D:2      | Noticed Jessica
   304 | D:2      | Killed Jessica
   305 | D:2      | Reached skill level 1 in Short Blades
   305 | D:2      | Reached skill level 1 in Long Blades
   305 | D:2      | Reached skill level 1 in Maces & Flails
   305 | D:2      | Reached skill level 1 in Polearms
   305 | D:2      | Reached skill level 1 in Staves
   305 | D:2      | Reached skill level 1 in Slings
   305 | D:2      | Reached skill level 1 in Bows
   305 | D:2      | Reached skill level 1 in Crossbows
   305 | D:2      | Reached skill level 1 in Throwing
   305 | D:2      | Reached skill level 1 in Armour
   305 | D:2      | Reached skill level 1 in Shields
   305 | D:2      | Reached skill level 1 in Unarmed Combat
   305 | D:2      | Reached skill level 1 in Spellcasting
   305 | D:2      | Reached skill level 1 in Invocations
   305 | D:2      | Reached skill level 1 in Evocations
   662 | D:1      | Reached XP level 4. HP: 41/41 MP: 5/5
   719 | D:1      | Found a faded altar of an unknown god.
  1670 | D:2      | Reached skill level 1 in Conjurations
  1670 | D:2      | Reached skill level 1 in Hexes
  1670 | D:2      | Reached skill level 1 in Summonings
  1670 | D:2      | Reached skill level 1 in Necromancy
  1670 | D:2      | Reached skill level 1 in Translocations
  1670 | D:2      | Reached skill level 1 in Transmutations
  1670 | D:2      | Reached skill level 1 in Fire Magic
  1670 | D:2      | Reached skill level 1 in Ice Magic
  1670 | D:2      | Reached skill level 1 in Air Magic
  1670 | D:2      | Reached skill level 1 in Earth Magic
  1670 | D:2      | Reached skill level 1 in Poison Magic
  1883 | D:2      | Reached XP level 5. HP: 47/47 MP: 6/6
  2080 | D:3      | Identified a scroll of acquirement
  2080 | D:3      | Acquired 1111 gold pieces
  2489 | D:3      | Got the Collected Works on the Entourage
  2585 | D:3      | Found a stormy altar of Qazlal.
  3060 | D:4      | Found a sacrificial altar of Ru.
  3068 | D:4      | Found a basalt altar of Yredelemnul.
  3141 | D:4      | Reached XP level 6. HP: 42/53 MP: 8/8
  3589 | D:5      | Reached skill level 5 in Axes
  3589 | D:5      | Reached skill level 5 in Dodging
  3590 | D:5      | Killed a sky beast
  3941 | D:5      | Reached XP level 7. HP: 49/59 MP: 10/10
  4700 | D:5      | Found a hide-covered altar of Uskayaw.
  4729 | D:5      | Found a staircase to the Ecumenical Temple.
  4735 | Temple   | Entered the Ecumenical Temple
  4786 | Temple   | Became a worshipper of Cheibriados the Contemplative
  4955 | D:5      | Identified the +1 morningstar of the Dead {venom, *Rage
                  | rElec Str-4 Int+7}
  4981 | D:5      | Found an iron altar of Okawaru.
  5043 | D:6      | Noticed Eustachio
  5065 | D:6      | Reached skill level 10 in Stealth
  5090 | D:6      | Noticed Dowan
  5090 | D:6      | Noticed Duvessa
  5119 | D:6      | Gained mutation: You are weak. (Str -2) [potion of
                  | mutation]
  5119 | D:6      | Gained mutation: You are clumsy. (Dex -2) [potion of
                  | mutation]
  5119 | D:6      | Gained mutation: You passively dampen the noise of your
                  | surroundings. [potion of mutation]
  5120 | D:6      | Killed from afar by a white imp

Illustrated notes

Levels and vault maps discovered:
D:1:      amcnicky_arrival_underground_garden, layout_basic,
          ebering_ecumenical_altar_sacrificial
D:2:      layout_basic, minmay_fractal_squares_5, uniq_jessica
D:3:      layout_basic, overflow_temple_1_default,
          minmay_fractal_squares_gapless_5
D:4:      layout_loops_ring, mainiacjoe_overflow_big_doors
D:5:      minmay_general_purpose_star, layout_rooms,
          mainiacjoe_overflow_24_doors, mainiacjoe_overflow_brackets,
          minmay_temple_entry_enclosed_plants, serial_glass, glass_columns_a,
          glass_columns_b, glass_columns_a, glass_columns_b, glass_columns_c,
          glass_columns_a, minmay_misc_feat_square, patterned_corridor
D:6:      layout_cave_pools, kennysheep_little_box, tgw_trog, kennysheep_potato,
          uniq_duvessa, uniq_eustachio
Temple:   cyrus_circular_temple

Skill      XL: |  1  2  3  4  5  6  7 |
---------------+----------------------+-----
Stealth        | 10 | 10.0
Short Blades   | 1 2 |  2.7
Long Blades    | 1 2 |  2.7
Maces & Flails | 1 2 |  2.7
Polearms       | 1 2 |  2.7
Staves         | 1 2 |  2.7
Slings         | 1 2 |  2.7
Bows           | 1 2 |  2.7
Crossbows      | 1 2 |  2.7
Throwing       | 1 2 |  2.7
Armour         | 1 2 |  2.7
Shields        | 1 2 |  2.7
Unarmed Combat | 1 2 |  2.7
Spellcasting   | 1 2 |  2.7
Invocations    | 1 2 3 |  3.0
Evocations     | 1 2 |  2.7
Conjurations   | 1 2 |  2.2
Hexes          | 1 2 |  2.2
Summonings     | 1 2 |  2.2
Necromancy     | 1 2 |  2.2
Translocations | 1 2 |  2.2
Transmutations | 1 2 |  2.2
Fire Magic     | 1 2 |  2.2
Ice Magic      | 1 2 |  2.2
Air Magic      | 1 2 |  2.2
Earth Magic    | 1 2 |  2.2
Poison Magic   | 1 2 |  2.2
Axes           | 5 |  5.3
Dodging        | 5 |  5.3
Fighting       | 7 |  7.1

Action                   |  1- 3 |  4- 6 |  7- 9 || total
-------------------------+-------+-------+-------++-------
Melee: Hand axe          |    40 |   153 |    52 ||   245
       Bite              |     1 |    12 |     4 ||    17
  Use: Scroll            |     2 |    10 |     5 ||    17
       Potion            |       |       |     6 ||     6
 Stab: Sleeping          |     9 |     8 |       ||    17
       Distracted        |       |     1 |       ||     1
       Invisible         |       |       |     1 ||     1
Armor: Leather armour    |     3 |     8 |       ||    11
       Scale mail        |       |    11 |       ||    11
       Chain mail        |       |    48 |    24 ||    72
Dodge: Dodged            |    31 |    80 |    17 ||   128

Table legend: (Time is in decaauts)
 A = Elapsed time spent in this place.
 B = Non-inter-level travel time spent in this place.
 C = Inter-level travel time spent in this place.
 D = Time resting spent in this place.
 E = Time spent auto-exploring this place.
 F = Levels seen in this place.
 G = Mean time per level.
                   A        B        C        D        E       F      G
               +--------+--------+--------+--------+--------+-----+--------+
         Total |   5191 |   4936 |    255 |    599 |   3527 |   7 |  741.6 |
       Dungeon |   5121 |   4893 |    228 |    599 |   3493 |   6 |  853.5 |
        Temple |     70 |     43 |     27 |      0 |     34 |   1 |   70.0 |
               +--------+--------+--------+--------+--------+-----+--------+

Top non-repeatable levels by time:
     D:4: 1171 daAuts
     D:5: 1078 daAuts
     D:2: 970 daAuts
     D:1: 944 daAuts
     D:3: 887 daAuts
  Temple: 70 daAuts
     D:6: 68 daAuts
